AoeStats
← Electriuz

Hill Fort

505779311Analyzed
3v3 RM · 22d ago on Sep 11, 2026· 80m 39s· 6 players
Game mode
Random Map
Map size
Normal (6 player)
Population
200
Speed
Normal
Resources
Standard
Victory
Conquest
Starting age
Dark Age
Ending age
Imperial Age
RankedLock teamsTeams togetherTeam positionsShared explorationLock speedFull tech treeHidden civsTurbo modeCheats
Victory
Defeat
🇦🇷 Armenians · Argentina
844
+7
🇦🇷 Bulgarians · Argentina
834
+7
799
+9
🇧🇷 Khmer · Brazil
692
-9
🇦🇷 Chinese · Argentina
597
-7
🇲🇽 Celts · Mexico
594
-7
Electriuz
15:01 Feudal Age
15:48 Double-Bit Axe
15:45 Horse Collar
16:12 Gold Mining
16:12 Stone Mining
18:15 Arson
23:25 Scale Mail Armor
23:36 Forging
23:17 Fletching
27:26 Castle Age
29:17 Iron Casting
28:57 Chain Mail Armor
29:57 Bow Saw
30:48 Wheelbarrow
30:48 Pikeman
31:29 Squires
31:40 Crossbowman
32:40 Masonry
35:25 Ballistics
38:58 Imperial Age
36:44 Padded Archer Armor
38:17 Herbal Medicine
39:26 Bodkin Arrow
39:47 Leather Archer Armor
40:42 Chemistry
41:33 Blast Furnace
41:03 Plate Mail Armor
41:38 Halberdier
43:13 Conscription
46:20 Plate Mail Armor
47:09 Rocketry
50:16 Elite Chu Ko Nu
52:04 Gold Shaft Mining
52:42 Hand Cart
52:32 Caravan
55:26 Heavy Rocket Cart
56:59 Great Wall
61:51 Man-at-Arms
65:20 Long Swordsman
68:39 Capped Ram
69:17 Two-Handed Swordsman
71:41 Siege Ram
76:36 Champion
pacocarranza59
0:50 Loom
14:40 Feudal Age
15:55 Wheelbarrow
15:04 Horse Collar
15:14 Double-Bit Axe
18:19 Gold Mining
24:00 Arson
23:36 Man-at-Arms
25:15 Stone Mining
29:22 Castle Age
28:02 Forging
27:54 Scale Mail Armor
34:31 Heavy Plow
35:17 Gold Shaft Mining
34:56 Bow Saw
35:59 Hand Cart
35:40 Gambesons
35:16 Long Swordsman
36:45 Caravan
40:36 Stone Shaft Mining
44:21 Iron Casting
44:02 Chain Mail Armor
52:52 Imperial Age
53:01 Two-Handed Swordsman
53:53 Capped Ram
56:04 Blast Furnace
55:36 Plate Mail Armor
56:35 Siege Ram
56:44 Elite Woad Raider
62:41 Furor Celtica
64:20 Champion
66:27 Pikeman
70:33 Halberdier
leticiav1995
6:44 Loom
11:01 Feudal Age
14:41 Double-Bit Axe
21:23 Castle Age
20:56 Horse Collar
21:10 Stone Mining
21:10 Gold Mining
23:36 Bow Saw
24:49 Husbandry
25:01 Bloodlines
27:42 Wheelbarrow
27:39 Heavy Plow
29:01 Scale Barding Armor
28:56 Scale Mail Armor
28:57 Padded Archer Armor
28:48 Fletching
29:09 Forging
30:58 Gold Shaft Mining
30:31 Pikeman
31:55 Caravan
33:01 Hand Cart
37:47 Imperial Age
37:17 Chain Mail Armor
37:00 Bodkin Arrow
38:42 Stone Shaft Mining
38:28 Tusk Swords
39:43 Hoardings
38:37 Elite Ballista Elephant
40:05 Elite Battle Elephant
41:55 Chain Barding Armor
41:50 Leather Archer Armor
41:36 Bracer
42:29 Iron Casting
42:39 Double Crossbow
45:29 Ballistics
49:09 Plate Barding Armor
49:05 Ring Archer Armor
47:59 Elite Skirmisher
50:11 Heated Shot
68:21 Cavalier
󠀡󠀡󠀡󠀡󠀡󠀡󠀡󠀡
10:33 Feudal Age
12:54 Wheelbarrow
19:55 Castle Age
18:25 Double-Bit Axe
21:22 Husbandry
21:22 Gold Mining
22:30 Scale Barding Armor
22:31 Scale Mail Armor
22:42 Forging
27:41 Hand Cart
31:58 Loom
31:58 Town Watch
32:59 #83
33:05 Caravan
36:57 Gold Mining
36:57 Stone Mining
39:48 Imperial Age
40:37 Gold Shaft Mining
40:15 Bow Saw
41:11 Conscription
40:52 Chivalry
40:16 Elite Throwing Axeman
40:28 Cavalier
42:41 Fletching
42:51 Padded Archer Armor
43:27 Iron Casting
43:07 Chain Mail Armor
43:12 Chain Barding Armor
46:40 Paladin
47:31 Squires
46:54 Pikeman
51:36 Chemistry
50:56 Ballistics
50:35 Murder Holes
50:13 Halberdier
51:40 Chain Barding Armor
54:13 Hoardings
55:48 Plate Barding Armor
56:13 Blast Furnace
55:43 Plate Mail Armor
55:09 Bodkin Arrow
55:29 Leather Archer Armor
HEAD__SHOT
0:35 Loom
11:30 Feudal Age
12:50 Wheelbarrow
13:56 Double-Bit Axe
17:07 Horse Collar
17:40 Gold Mining
17:40 Stone Mining
23:18 Castle Age
24:25 Hand Cart
24:12 Heavy Plow
24:50 Stone Shaft Mining
24:31 Caravan
25:00 Town Watch
27:18 Fletching
27:29 Padded Archer Armor
29:35 Gold Shaft Mining
29:48 Bow Saw
33:20 Imperial Age
31:12 Stirrups
32:33 Husbandry
32:43 Bloodlines
33:16 Scale Barding Armor
33:22 Forging
33:14 Bodkin Arrow
34:12 Chain Barding Armor
34:18 Fervor
34:53 Conscription
35:24 Town Patrol
36:14 Crop Rotation
36:35 Gambesons
38:08 Bracer
38:44 Iron Casting
38:10 Scale Mail Armor
38:50 Squires
38:35 Arson
40:46 Leather Archer Armor
41:08 Plate Barding Armor
41:34 Blast Furnace
40:50 Chain Mail Armor
41:25 Elite Konnik
43:11 Thumb Ring
43:21 Bagains
44:12 Plate Mail Armor
45:10 Pikeman
45:59 Halberdier
50:25 Heavy Scorpion
52:56 Chemistry
52:17 Ballistics
55:09 Murder Holes
55:25 Masonry
61:00 Architecture
60:36 Siege Engineers
61:24 Light Cavalry
62:16 Hussar
70:03 Cavalier
74:12 Herbal Medicine
Mr Cobb
0:27 Loom
11:20 Feudal Age
12:43 Horse Collar
12:51 Double-Bit Axe
14:34 Gold Mining
18:20 Wheelbarrow
17:31 Town Watch
23:01 Castle Age
24:57 Pikeman
25:40 Squires
25:45 Scale Mail Armor
26:00 Forging
27:38 Stone Mining
29:18 Fortified Wall
30:44 Hand Cart
32:54 Heavy Plow
33:32 Gold Shaft Mining
33:09 Bow Saw
37:28 Imperial Age
34:55 Fletching
35:08 Padded Archer Armor
36:35 Halberdier
37:38 Leather Archer Armor
37:31 Bodkin Arrow
39:27 Town Patrol
39:07 Elite Composite Bowman
39:57 Fereters
40:13 Conscription
40:12 Chain Mail Armor
40:32 Iron Casting
41:47 Ballistics
42:28 Chemistry
41:40 Masonry
41:36 Bracer
42:37 Blast Furnace
42:08 Plate Mail Armor
42:18 Ring Archer Armor
42:09 Caravan
42:47 Coinage
45:54 Arson
56:57 Bloodlines
56:15 Light Cavalry
56:56 Husbandry
57:04 Scale Barding Armor
58:40 Chain Barding Armor
62:50 Cavalier
Connection lost

Rejoining the realm…

Still unreachable

The connection could not be restored.

Session expired

The server has moved on; the page needs a fresh start.